 Dungeon Crawl Stone Soup version 0.29.1-2-gbd0b4ee654 (webtiles) character file.

Game seed: 15906759697673960588

88 zeram the Covered (level 4, 0/40 HPs)
             Began as a Minotaur Fighter on Nov 8, 2022.
             Slain by Grinder (4 damage)
             ... while paralysed by Grinder
             ... on level 3 of the Dungeon.
             The game lasted 00:02:50 (1746 turns).

zeram the Covered (Minotaur Fighter)                Turns: 1746, Time: 00:02:50

Health: 0/40       AC: 13    Str: 23    XL:     4   Next: 29%
Magic:  3/3        EV:  2    Int:  5    God:
Gold:   118        SH:  0    Dex:  9    Spells: 3/3 levels left

rFire   . . .      SeeInvis .   a - +0 war axe (freeze)
rCold   . . .      Faith    .   p - +0 tower shield
rNeg    . . .      Spirit   .   g - +0 plate armour
rPois   .          Reflect  .   (helmet restricted)
rElec   .          Harm     .   j - +0 cloak
rCorr   .          Rampage  .   (no gloves)
Will    .....                   (no boots)
Stlth   ..........              (no amulet)
HPRegen 0.13/turn               (no ring)
MPRegen 0.08/turn               (no ring)

@: paralysed
A: horns 2, retaliatory headbutt
a: no special abilities


You were on level 3 of the Dungeon.
You visited 1 branch of the dungeon, and saw 3 of its levels.

You collected 118 gold pieces.

Inventory:

Hand Weapons
 a - a +0 war axe of freezing (weapon)
Armour
 b - a +0 scale mail
 c - a +0 buckler
 g - a +0 plate armour (worn)
 j - a +0 cloak (worn)
 p - a +0 tower shield (worn)
Jewellery
 e - a ring of magical power
 l - a ring of wizardry
Wands
 m - a wand of paralysis (13)
 q - a wand of iceblast (8)
Potions
 d - a potion of might
 f - a potion of degeneration {unknown}
 h - a potion of invisibility {unknown}
 i - a potion of heal wounds
 k - a potion of magic {unknown}
 n - 3 potions of brilliance
 o - a potion of curing {unknown}
 r - a potion of attraction {unknown}
 t - a potion of mutation {unknown}


   Skills:
 + Level 4.2 Fighting
 + Level 4.0 Axes
 + Level 4.3 Armour
 + Level 4.1 Shields


You had 3 spell levels left.
You didn't know any spells.
Your spell library contained the following spells:

 Spells                   Type           Power      Damage    Failure   Level
 Sublimation of Blood     Necr           0%         N/A       100%        2
 Wereblood                Tmut           0%         N/A       100%        2
 Summon Hydra             Summ           0%         N/A       100%        7


Dungeon Overview and Level Annotations

Branches:
Dungeon (3/15)

Altars:

Annotations:
D:3 Grinder


Innate Abilities, Weirdness & Mutations

You have a pair of horns on your head.
You reflexively headbutt those who attack you in melee.


Message History

Grinder comes into view.
Grinder shouts!
Grinder is nearby!
Grinder is nearby!
Grinder is nearby!
Grinder is nearby!
Grinder gestures at you. Pain shoots through your body!
You barely miss Grinder. Grinder hits you.
You writhe in agony.
A goblin comes into view. It is wielding a +0 club.
Okay, then.
You barely miss Grinder.
The goblin shouts!
Grinder hits you but does no damage. x2
You slash Grinder! Your headbutt misses Grinder.
Grinder is moderately wounded.
Grinder hits you but does no damage. Grinder gestures at you.
Pain shoots through your body!
You slash Grinder!
Grinder is severely wounded.
Grinder hits you but does no damage.
Unknown command.
You hit Grinder. You headbutt Grinder.
Grinder is severely wounded.
Grinder gestures at you.
You barely resist.
Grinder blinks!
You barely miss Grinder.
Grinder is severely wounded.
You barely miss the goblin. Grinder gestures at you.
You suddenly lose the ability to move!
The goblin hits you with a +0 club.
* * * LOW HITPOINT WARNING * * *
Grinder completely misses you. The goblin hits you but does no damage.
The goblin hits you but does no damage.
Grinder says, "Wait up."
Grinder hits you!
* * * LOW HITPOINT WARNING * * *
You writhe in agony.
You die...

####...# #.#
#......# #.#
#.##...# #+#
#.###### #.###
#.#.##
.######....####
........5.....+
#######@...####
#g#......
#.#.####. #.#.#
#.... ### .


You could see Grinder and a goblin.

Vanquished Creatures
  Robin (D:2)
  A gnoll (D:1)
  2 adders (D:2)
  A worm (D:2)
  3 dart slugs
  A ball python (D:1)
  3 bats
  2 giant cockroaches
  6 goblins
  6 hobgoblins
  2 quokkas
  2 frilled lizards (D:2)
  5 kobolds
  6 rats (D:2)
41 creatures vanquished.

Notes
Turn   | Place    | Note
-------+----------+-------------------------------------------
     0 | D:1      | zeram the Minotaur Fighter began the quest for the Orb.
     0 | D:1      | Reached XP level 1. HP: 19/19 MP: 0/0
    42 | D:1      | Found a faded altar of an unknown god.
   237 | D:1      | Reached XP level 2. HP: 22/27 MP: 1/1
   653 | D:1      | Reached XP level 3. HP: 33/33 MP: 2/2
   817 | D:2      | Identified the +2 helmet of the Spheres {rC++ Int+4}
   817 | D:2      | Noticed Robin
   828 | D:2      | Killed Robin
  1106 | D:2      | Reached XP level 4. HP: 35/40 MP: 3/3
  1736 | D:3      | Noticed Grinder
  1745 | D:3      | Paralysed by Grinder for 2 turns
  1746 | D:3      | Slain by Grinder

Illustrated notes

Levels and vault maps discovered:
D:1:      dpeg_arrival_rooms_a, layout_loops_cross,
          shapermc_ecumenical_altar_pompeii
D:2:      layout_loops_ring, uniq_robin
D:3:      layout_loops_corners, minivault_4, minmay_joined_circles,
          uniq_grinder, uniq_terence, uniq_ijyb

Skill      XL: |  1  2  3  4 |
---------------+-------------+-----
Armour         | 4 |  4.3
Fighting       | 4 |  4.2
Shields        | 4 |  4.1
Axes           | 3 4 |  4.0

Action                   |  1- 3 |  4- 6 || total
-------------------------+-------+-------++-------
Melee: War axe           |    73 |    44 ||   117
       Headbutt          |     7 |     6 ||    13
  Use: Scroll            |     4 |     2 ||     6
Armor: Scale mail        |     2 |       ||     2
       Plate armour      |    48 |    24 ||    72
Dodge: Dodged            |    12 |     6 ||    18
Block: Tower shield      |    20 |    26 ||    46
       Buckler           |     2 |       ||     2
